Map: [ESL] Cosmic Sapphire

Players

Rattata (Vanya)

  • Race: Zerg Zerg
  • League: Master
  • Spawn Location: 11:00

trigger - Winner!

  • Race: Protoss Protoss
  • League: Grandmaster
  • Spawn Location: 5:00

VOD

Have the link to the VOD?

Description

Time

  • Played on: Oct. 19, 2022, 12:49 p.m.
  • Length: 11:18
Show
View Real Time Build Order
Export as new Build Order

Rattata Zerg 

Build Orders: Hatch First 

Get SALT Encoding   

  12  0:00  Drone  
  13  0:13  Overlord  
  13  0:17  Drone  
  14  0:31  Drone x2  
  16  0:49  Hatchery  
  15  0:51  Drone  
  15  0:54  Drone  
  17  0:57  Drone  
  18  1:08  Extractor  
  17  1:13  Spawning Pool  
  17  1:16  Drone  
  17  1:20  Drone  
  18  1:28  Drone  
  20  1:40  Drone  
  20  1:50  Drone  
  21  2:00  Queen x2  
  25  2:01  Drone, Overlord  
  26  2:11  Drone  
  26  2:12  Metabolic Boost, Drone  
  28  2:22  Zergling x2  
  29  2:24  Drone  
  30  2:33  Drone, Hatchery  
  30  2:35  Drone  
  31  2:41  Queen  
  33  2:46  Overlord  
  33  2:48  Drone  
  34  2:55  Drone x2  
  36  3:04  Queen, Overlord  
  38  3:08  Drone x3  
  38  3:11  Drone  
  42  3:17  Queen  
  44  3:24  Drone  
  44  3:25  Drone  
  46  3:27  Spore Crawler  
  46  3:31  Drone x2  
  47  3:42  Zergling x4  
  47  3:46  Drone x3  
  51  3:52  Drone  
  51  3:53  Zergling x2, Overlord, Evolution Chamber  
  51  3:54  Zergling x2  
  53  3:59  Spore Crawler  
  52  4:03  Spore Crawler  
  52  4:05  Zergling x6  
  54  4:16  Zergling x6  
  54  4:17  Zergling x6  
  60  4:18  Zerg Melee Weapons Level 1  
  60  4:23  Extractor  
  60  4:24  Zergling x2, Overlord  
  59  4:25  Zergling x8  
  59  4:31  Zergling x2  
  65  4:36  Overlord  
  65  4:42  Baneling Nest  
  65  4:44  Drone x3  
  67  4:50  Drone x3  
  70  4:56  Drone x4  
  70  4:58  Hatchery  
  73  5:01  Drone x2  
  73  5:06  Drone  
  76  5:08  Lair  
  76  5:11  Overlord  
  76  5:16  Overlord  
  76  5:17  Zergling x6  
  79  5:23  Zergling x2  
  79  5:24  Zergling x4  
  82  5:29  Zergling x10  
  82  5:34  Evolution Chamber  
  76  5:43  Drone x6  
  79  5:52  Zergling x16  
  79  5:53  Roach Warren  
  85  5:59  Zergling x8  
  82  6:05  Zergling x2  
  82  6:06  Baneling x7  
  82  6:09  Zergling x4  
  85  6:16  Zergling x4  
  85  6:18  Overseer  
  87  6:25  Overlord  
  87  6:28  Extractor  
  87  6:29  Drone x3  
  89  6:34  Drone x9  
  98  6:40  Zerg Melee Weapons Level 2, Centrifugal Hooks  
  98  6:42  Overlord  
  98  6:48  Drone x4  
  103  6:54  Roach x4  
  103  6:59  Roach  
  103  7:01  Overlord x2  
  110  7:02  Zergling x4  
  110  7:04  Queen  
  110  7:07  Overlord  
  110  7:08  Overlord x2  
  114  7:11  Baneling x3  
  114  7:20  Ravager  
  114  7:21  Zergling x2  
  114  7:22  Zergling x10  
  121  7:28  Zergling x14  
  113  7:30  Queen x3, Ravager  
  113  7:32  Zergling x8  
  113  7:33  Ravager  
  125  7:38  Zergling x2  
  125  7:39  Zergling x8  
  125  7:44  Zergling x6  
  125  7:45  Baneling x4  
  125  7:48  Zergling x12  
  133  7:52  Zergling x2  
  133  7:53  Ravager  
  130  8:02  Roach  
  130  8:03  Roach x2  
  130  8:04  Overlord  
  130  8:05  Overlord  
  125  8:11  Roach x3  
  128  8:13  Zergling x6  
  128  8:15  Queen  
  123  8:20  Zergling x18  
  123  8:21  Queen x2  
  123  8:26  Ravager  
  134  8:28  Zergling x2  
  134  8:30  Zergling x2  
  127  8:34  Roach  
  127  8:35  Queen, Roach  
  127  8:39  Zergling x2, Roach x2  
  132  8:43  Zergling x8  
  132  8:48  Glial Reconstitution  
  126  8:49  Zergling x8  
  126  8:51  Queen  
  130  8:56  Zergling x8  
  130  9:01  Ravager  
  124  9:04  Zergling x4, Roach x2, Hatchery  
  124  9:05  Queen  
  124  9:09  Zergling x2  
  121  9:10  Roach  
  121  9:13  Zergling x4, Roach x2  
  108  9:17  Zergling x2  
  108  9:21  Zergling x2  
  93  9:27  Queen  
  93  9:28  Zergling x2  
  93  9:29  Zergling x10  
  91  9:33  Zergling x2, Ravager  
  91  9:35  Zergling x2  
  87  9:41  Queen x2, Ravager  
  87  9:44  Zergling x2  
  87  9:45  Zergling x4  
  95  9:48  Zergling x6  
  97  9:53  Zergling x2  
  97  9:58  Zergling x4  
  100  10:01  Zergling x12  
  105  10:07  Roach x2  
  105  10:10  Roach  
  109  10:17  Roach x2  
  109  10:20  Roach x2  
  111  10:33  Roach x5  
  121  10:37  Zergling x10  
  121  10:42  Zergling x2  
  125  10:44  Hatchery  
  125  10:47  Zergling x2, Roach  
  111  10:51  Zergling x2  
  97  10:58  Zergling x6, Roach x2  
  97  10:59  Roach x2  
Show
View Real Time Build Order
Export as new Build Order

trigger Protoss - Winner!

Build Orders: 1 Gate Expand 

Get SALT Encoding   

  12  0:00  Probe  
  13  0:12  Probe  
  14  0:18  Pylon  
  14  0:24  Probe  
  15  0:36  Probe (Chrono Boost)  
  15  0:38  Gateway  
  16  0:46  Probe (Chrono Boost)  
  16  0:47  Assimilator  
  17  0:51  Probe (Chrono Boost)  
  18  1:03  Probe (Chrono Boost)  
  19  1:14  Probe (Chrono Boost)  
  20  1:18  Probe (Chrono Boost)  
  20  1:25  Nexus  
  21  1:35  Cybernetics Core  
  21  1:37  Probe  
  22  1:44  Pylon  
  22  1:49  Probe  
  23  1:55  Assimilator  
  23  2:02  Probe (Chrono Boost)  
  24  2:09  Warp Gate (Chrono Boost)  
  24  2:12  Stalker  
  24  2:14  Probe (Chrono Boost)  
  27  2:21  Probe (Chrono Boost)  
  28  2:24  Gateway  
  28  2:29  Probe (Chrono Boost)  
  29  2:39  Probe (Chrono Boost)  
  29  2:42  Gateway  
  31  2:46  Probe (Chrono Boost)  
  31  2:48  Probe (Chrono Boost)  
  34  2:53  Adept, Probe x2 (Chrono Boost)  
  36  3:00  Twilight Council  
  36  3:04  Probe  
  36  3:05  Probe  
  38  3:11  Adept  
  38  3:12  Pylon  
  40  3:16  Probe  
  40  3:17  Probe  
  42  3:28  Probe  
  42  3:29  Probe  
  42  3:30  Pylon  
  44  3:36  Resonating Glaives (Chrono Boost)  
  44  3:41  Probe  
  45  3:50  Nexus  
  45  3:52  Adept x3  
  51  3:57  Probe, Pylon  
  51  3:58  Probe  
  53  4:07  Pylon  
  53  4:09  Robotics Facility  
  53  4:16  Adept x3  
  59  4:21  Probe x2  
  61  4:25  Assimilator  
  61  4:27  Assimilator  
  61  4:33  Probe  
  61  4:34  Probe  
  63  4:38  Sentry  
  65  4:46  Probe x2  
  67  4:53  Immortal (Chrono Boost)  
  73  5:00  Probe x2 (Chrono Boost)  
  73  5:01  Shield Battery  
  73  5:02  Adept x2  
  73  5:03  Pylon  
  73  5:04  Adept  
  73  5:05  Probe (Chrono Boost)  
  83  5:14  Probe (Chrono Boost)  
  83  5:15  Probe x2 (Chrono Boost), Pylon  
  83  5:20  Probe  
  83  5:22  Probe x2  
  83  5:23  Adept x2  
  90  5:31  Immortal (Chrono Boost)  
  90  5:33  Probe  
  90  5:34  Probe x2  
  97  5:45  Probe  
  97  5:46  Sentry, Probe x2  
  97  5:47  Sentry, Blink (Chrono Boost)  
  102  5:51  Gateway  
  102  5:54  Forge  
  102  5:57  Probe  
  102  5:58  Probe  
  102  6:03  Stalker  
  102  6:07  Warp Prism (Chrono Boost)  
  102  6:08  Gateway  
  104  6:13  Sentry x2  
  108  6:18  Protoss Ground Weapons Level 1 (Chrono Boost)  
  108  6:21  Gateway, Assimilator  
  108  6:22  Gateway  
  108  6:30  Shield Battery  
  108  6:31  Pylon  
  108  6:33  Pylon  
  108  6:35  Pylon  
  108  6:36  Gateway  
  108  6:37  Gateway  
  108  6:40  Pylon  
  108  6:53  Stalker  
  108  6:54  Stalker x3  
  116  7:00  Observer (Chrono Boost)  
  117  7:05  Photon Cannon  
  117  7:07  Stalker  
  119  7:10  Pylon  
  119  7:13  Assimilator  
  119  7:16  Pylon  
  119  7:17  Stalker x4  
  119  7:18  Stalker x2  
  119  7:32  Stalker x3  
  125  7:45  Stalker x6  
  133  7:55  Pylon  
  125  8:04  Stalker x5  
  129  8:08  Pylon  
  129  8:11  Adept x4  
  127  8:27  Stalker x5  
  129  8:35  Stalker  
  129  8:36  Stalker x2  
  132  8:42  Stalker  
  132  8:52  Adept x5  
  138  9:01  Stalker x3  
  136  9:12  Stalker x3  
  136  9:13  Stalker  
  130  9:20  Stalker x2  
  128  9:28  Stalker x3  
  134  9:47  Stalker x6  
  146  9:54  Stalker  
  148  10:02  Observer  
  149  10:15  Adept x8  
  161  10:30  Stalker  
  162  10:40  Adept x4  
  162  10:41  Adept  
  172  10:46  Pylon  
  172  10:48  Pylon  
  144  10:57  Stalker x4  
  140  11:05  Adept x5  
Tags
 
Add a new tag
Caveats
  • Supply blocks, unpowered buildings, or Contaminate may cause inaccurate times.
  • Supply counts are checked every 10 seconds.